 Dungeon Crawl Stone Soup version 0.26-a0-651-gb41185065b (webtiles) character file.

Game seed: 15179135165143854922

98 sahdkjhfkaj the Chopper (level 4, -7/40 HPs)
             Began as a Hill Orc Fighter on Sept 28, 2020.
             Mangled by a gnoll (8 damage)
             ... on level 4 of the Dungeon.
             The game lasted 00:01:31 (1208 turns).

sahdkjhfkaj the Chopper (Hill Orc Fighter)          Turns: 1208, Time: 00:01:32

Health: -7/40      AC:  9    Str: 19    XL:     4   Next: 71%
Magic:  4/4        EV:  5    Int:  8    God:
Gold:   57         SH:  9    Dex: 10    Spells: 3/3 levels left

rFire    . . .     SeeInvis .   a - +0 war axe
rCold    . . .     Faith    .   c - +0 kite shield
rNeg     . . .     Spirit   .   b - +0 chain mail
rPois    .         Reflect  .   (no helmet)
rElec    .         Harm     .   (no cloak)
rCorr    .         Rampage  .   (no gloves)
MR       .....                  (no boots)
Stlth    ..........             (no amulet)
HPRegen  0.13/turn              (no ring)
MPRegen  0.09/turn              (no ring)

@: no status effects
A: no striking features
a: no special abilities


You were on level 4 of the Dungeon.
You visited 1 branch of the dungeon, and saw 3 of its levels.

You collected 57 gold pieces.

Inventory:

Hand Weapons
 a - a +0 war axe (weapon)
Armour
 b - a +0 chain mail (worn)
 c - a +0 kite shield (worn)
Jewellery
 f - an uncursed ring of positive energy {unknown}
Scrolls
 g - a scroll of amnesia {unknown}
 i - a scroll of fear {unknown}
 j - a scroll of enchant armour {unknown}
 k - a scroll of remove curse {unknown}
 m - a scroll of magic mapping {unknown}
 n - a scroll of identify {unknown}
 o - a scroll of teleportation {unknown}
Potions
 d - 2 potions of might
 e - a potion of heal wounds {unknown}
 h - a potion of magic {unknown}
 l - a potion of curing {unknown}


   Skills:
 + Level 4.3 Fighting
 * Level 4.5 Axes
 + Level 3.9 Armour
 + Level 3.9 Shields


You had 3 spell levels left.
You didn't know any spells.
Your spell library was empty.

Dungeon Overview and Level Annotations

Branches:
Dungeon (2/15)

Altars:


Message History

You block the jackal's attack.
You hit the jackal.
The jackal is almost dead.
You block the jackal's attack. x2
You hit the jackal.
You kill the jackal!
You block the gnoll's attack.
You slash the gnoll!
The gnoll is almost dead.
You block the gnoll's attack.
You closely miss the gnoll.
The gnoll is almost dead.
The gnoll hits you.
* * * LOW HITPOINT WARNING * * *
You hit the gnoll.
The gnoll is almost dead.
The gnoll hits you!
* * * LOW HITPOINT WARNING * * *
The gnoll hits you!
You die...

##....# .$ .....# .#
#....###.# #....##..# .
#g......# ##..
#.h.....##...
.###########..........#.
........@g............$.
.###########.......####
#.......# #.......#
#......$# #.......#
#.......# #########


You could see a gnoll (strong).

Vanquished Creatures
  A hound (D:4)
  A gnoll (D:4)
  2 adders
  A dart slug (D:2)
  A leopard gecko (D:1)
  A ball python (D:1)
  2 bats (D:1)
  3 giant cockroaches (D:1)
  3 goblins (D:1)
  6 hobgoblins
  9 jackals
  A frilled lizard (D:1)
  2 kobolds
  A rat (D:1)
34 creatures vanquished.

Notes
Turn   | Place    | Note
-------+----------+-------------------------------------------
     0 | D:1      | sahdkjhfkaj the Hill Orc Fighter began the quest for the
                  | Orb.
     0 | D:1      | Reached XP level 1. HP: 19/19 MP: 1/1
    70 | D:1      | Reached XP level 2. HP: 26/27 MP: 2/2
   523 | D:1      | Reached XP level 3. HP: 30/33 MP: 3/3
   580 | D:1      | You fall into a shaft and drop 1 floor!
  1134 | D:2      | You fall into a shaft and drop 2 floors!
  1143 | D:4      | Reached XP level 4. HP: 29/40 MP: 4/4
  1208 | D:4      | HP: 1/40 [gnoll (10)]
  1208 | D:4      | Mangled by a gnoll

Illustrated notes

Levels and vault maps discovered:
D:1:      kennysheep_arrival_forest, layout_basic
D:2:      layout_basic, minmay_tetromino_s2
D:4:      layout_rooms, uniq_blork_the_orc, uniq_eustachio

Skill      XL: |  1  2  3 |
---------------+----------+-----
Axes           | 3 4 |  4.5
Fighting       | 4 |  4.3
Armour         | |  3.9
Shields        | |  3.9

Action                   |  1- 3 |  4- 6 || total
-------------------------+-------+-------++-------
Melee: War axe           |   117 |    13 ||   130
Armor: Scale mail        |    41 |       ||    41
       Chain mail        |    29 |     3 ||    32
Dodge: Dodged            |    44 |     2 ||    46
Block: Kite shield       |    83 |    10 ||    93

Table legend: (Time is in decaauts)
 A = Elapsed time spent in this place.
 B = Non-inter-level travel time spent in this place.
 C = Inter-level travel time spent in this place.
 D = Time resting spent in this place.
 E = Time spent auto-exploring this place.
 F = Levels seen in this place.
 G = Mean time per level.
                   A        B        C        D        E       F      G
               +--------+--------+--------+--------+--------+-----+--------+
         Total |   1261 |   1211 |     50 |      0 |    920 |   3 |  420.3 |
       Dungeon |   1261 |   1211 |     50 |      0 |    920 |   3 |  420.3 |
               +--------+--------+--------+--------+--------+-----+--------+

Top non-repeatable levels by time:
     D:1: 775 daAuts
     D:2: 404 daAuts
     D:4: 81 daAuts
